AoeStats
← AndyThePro

Arabia

508218358Analyzed
1v1 RM · 11d ago on Sep 21, 2026· 39m 51s· 2 players
Game mode
Random Map
Map size
Tiny (2 player)
Population
200
Speed
Normal
Resources
Standard
Victory
Conquest
Starting age
Dark Age
Ending age
Imperial Age
RankedLock teamsTeams togetherTeam positionsShared explorationLock speedFull tech treeHidden civsTurbo modeCheats
Victory
Defeat
🇩🇪 Malay · Germany
1781
+15
🇩🇪 Gurjaras · Germany
1758
-15
Bugsibär
4:58 Loom
8:49 Feudal Age
10:45 Double-Bit Axe
12:32 Fletching
20:24 Castle Age
20:20 Padded Archer Armor
20:46 Town Watch
21:02 Bodkin Arrow
20:34 Crossbowman
21:36 Elite Skirmisher
25:02 Bow Saw
26:04 Leather Archer Armor
34:16 Wheelbarrow
34:44 Ballistics
36:12 Bloodlines
36:24 Husbandry
36:31 Scale Barding Armor
38:47 Forging
AndyThePro
6:27 Loom
9:32 Feudal Age
9:19 Double-Bit Axe
11:10 Fletching
19:09 Castle Age
17:39 Gold Mining
17:33 Horse Collar
18:09 Crossbowman
19:05 Bodkin Arrow
23:03 Bow Saw
25:30 Wheelbarrow
28:58 Hand Cart
33:26 Imperial Age
31:04 Heavy Plow
31:27 Scale Barding Armor
32:02 Husbandry
32:13 Arbalester
33:04 Bracer
34:13 Chemistry
33:53 Padded Archer Armor
34:33 Ballistics
35:22 Town Watch
37:07 Forging
36:52 Elite Battle Elephant
38:27 Iron Casting
Connection lost

Rejoining the realm…

Still unreachable

The connection could not be restored.

Session expired

The server has moved on; the page needs a fresh start.